ESL (28 & UNDER)
BUFFALO LIGHTSABRES @ BUTLER WHITE SOX
09/09/2028
 
TOP OF THE 1ST
Buffalo LightSabres batting - Pitching for Butler White Sox : RHP Cliff Erwin
Pitching: RHP Cliff Erwin
Batting: SHB Jason Mason 0-0: Called Strike
0-1: Ball
1-1: Fly out, F7 (Flyball, 78M)
Batting: RHB Mike Wagner 0-0: Ball
1-0: Ground out 6-3 (Groundball, 6)
Batting: LHB Garrett King 0-0: SOLO HOME RUN (Flyball, 7D), Distance : 359 ft
Batting: RHB John Warren 0-0: Ball
1-0: Ball
2-0: Fly out, F5 (Popup, 56S)
Top of the 1st over - 1 run(s), 1 hit(s), 0 error(s), 0 left on base; Buffalo 1 - Butler 0
BOTTOM OF THE 1ST
Butler White Sox batting - Pitching for Buffalo LightSabres : RHP Howard Jewel
Pitching: RHP Howard Jewel
Batting: LHB Kyle Robbins 0-0: Swinging Strike
0-1: Called Strike
0-2: Foul Ball, location: 2F
0-2: Ball
1-2: Strikes out swinging
Batting: LHB Josh Pérez 0-0: Ball
1-0: Called Strike
1-1: Ball
2-1: Foul Ball, location: 2F
2-2: Foul Ball, location: 2F
2-2: Strikes out looking
Batting: LHB Denny Allen 0-0: Called Strike
0-1: Ball
1-1: Swinging Strike
1-2: Ball
2-2: Ground out 6-3 (Groundball, 6MS)
Bottom of the 1st over - 0 run(s), 0 hit(s), 0 error(s), 0 left on base; Buffalo 1 - Butler 0
TOP OF THE 2ND
Buffalo LightSabres batting - Pitching for Butler White Sox : RHP Cliff Erwin
Batting: RHB Mario Solís 0-0: DOUBLE (Flyball, 78XD)
Batting: RHB Gabriel Ángel 0-0: Ball
1-0: Ball
2-0: Ball
3-0: Base on Balls
Batting: RHB Jorge Castillo 0-0: Called Strike
0-1: SINGLE (Groundball, 6MD)
Mario Solís to third
Gabriel Ángel to second
Runner from 3rd tries for Home, SAFE, throw made home
Gabriel Ángel to third
Jorge Castillo to second
Batting: SHB Clifton Hampton 0-0: Ball
1-0: Ball
2-0: Ball
3-0: Called Strike
3-1: Base on Balls
Batting: RHB Pedro Romero 0-0: Fly out, F8 (Flyball, 8LS)
Batting: SHB Jason Mason 0-0: Ball
1-0: Swinging Strike
1-1: Called Strike
1-2: Grounds into double play, 3-6-3 (Groundball, 3)
Top of the 2nd over - 1 run(s), 2 hit(s), 0 error(s), 2 left on base; Buffalo 2 - Butler 0
BOTTOM OF THE 2ND
Butler White Sox batting - Pitching for Buffalo LightSabres : RHP Howard Jewel
Batting: RHB Bobby Murdock 0-0: Ball
1-0: Swinging Strike
1-1: Ball
2-1: Foul Ball, location: 2F
2-2: Foul Ball, location: 2F
2-2: Ball
3-2: Fly out, F8 (Flyball, 8RD)
Batting: LHB Thomas Dixon 0-0: Ground out 3-1 (Groundball, 34S)
Batting: RHB Jerry Moore 0-0: Foul Ball, location: 2F
0-1: Ball
1-1: Ball
2-1: Foul Ball, location: 2F
2-2: Foul Ball, location: 2F
2-2: SINGLE (Groundball, 6MD)
Batting: RHB Luis Fuentes 0-0: Ball
1-0: Ball
2-0: Foul Ball, location: 2F
2-1: Fielders Choice at 2nd, 4-6 (Groundball, 4)
Bottom of the 2nd over - 0 run(s), 1 hit(s), 0 error(s), 0 left on base; Buffalo 2 - Butler 0
TOP OF THE 3RD
Buffalo LightSabres batting - Pitching for Butler White Sox : RHP Cliff Erwin
Batting: RHB Mike Wagner 0-0: Ball
1-0: Foul Ball, location: 2F
1-1: Ball
2-1: Foul Ball, location: 2F
2-2: Strikes out looking
Batting: LHB Garrett King 0-0: Called Strike
0-1: Ball
1-1: Called Strike
1-2: Foul Ball, location: 2F
1-2: SINGLE (Line Drive, 8RS)
Batting: RHB John Warren 0-0: Ball
1-0: Called Strike
1-1: Ball
2-1: Ball
3-1: SINGLE (Line Drive, 8RS)
Garrett King to second
Batting: RHB Mario Solís 0-0: Called Strike
0-1: Ball
1-1: Foul Ball, location: 2F
1-2: Foul Ball, location: 2F
1-2: Ball
2-2: Ground out U3 (Groundball, 3S)
Garrett King to third
John Warren to second
Batting: RHB Gabriel Ángel 0-0: Ball
1-0: Ball
2-0: Ball
3-0: Base on Balls
Batting: RHB Jorge Castillo 0-0: Ball
1-0: Ball
2-0: Called Strike
2-1: Foul Ball, location: 2F
2-2: Ball
3-2: Fly out, F7 (Flyball, 78D)
Top of the 3rd over - 0 run(s), 2 hit(s), 0 error(s), 3 left on base; Buffalo 2 - Butler 0
BOTTOM OF THE 3RD
Butler White Sox batting - Pitching for Buffalo LightSabres : RHP Howard Jewel
Batting: SHB Tomás Escobar 0-0: Called Strike
0-1: Ball
1-1: Foul Ball, location: 2F
1-2: Ball
2-2: Foul Ball, location: 2F
2-2: Strikes out swinging
Batting: RHB Steve Clifton 0-0: Called Strike
0-1: Ball
1-1: Ball
2-1: Called Strike
2-2: Foul Ball, location: 2F
2-2: Ball
3-2: Base on Balls
Batting: LHB Kyle Robbins 0-0: Ball
Wild Pitch!
Steve Clifton to second
1-0: Ball
2-0: Ball
3-0: Base on Balls
Batting: LHB Josh Pérez 0-0: Called Strike
0-1: Ball
1-1: Fielders Choice at 2nd, 4-6 (Groundball, 4)
Steve Clifton to third
Batting: LHB Denny Allen 0-0: Called Strike
0-1: Fly out, F7 (Flyball, 78S)
Bottom of the 3rd over - 0 run(s), 0 hit(s), 0 error(s), 2 left on base; Buffalo 2 - Butler 0
TOP OF THE 4TH
Buffalo LightSabres batting - Pitching for Butler White Sox : RHP Cliff Erwin
Batting: SHB Clifton Hampton 0-0: Called Strike
0-1: Swinging Strike
0-2: Ball
1-2: Ball
2-2: Fly out, F8 (Flyball, 8LM)
Batting: RHB Pedro Romero 0-0: Ball
1-0: SINGLE (Flyball, 8LS)
Batting: SHB Jason Mason 0-0: Ball
1-0: Foul Ball, location: 2F
1-1: Called Strike
1-2: Ball
2-2: Strikes out swinging
Batting: RHB Mike Wagner 0-0: Ball
1-0: Ball
2-0: Ground out 4-3 (Groundball, 4MS)
Top of the 4th over - 0 run(s), 1 hit(s), 0 error(s), 1 left on base; Buffalo 2 - Butler 0
BOTTOM OF THE 4TH
Butler White Sox batting - Pitching for Buffalo LightSabres : RHP Howard Jewel
Batting: RHB Bobby Murdock 0-0: Ball
1-0: Ball
2-0: Ball
3-0: Foul Ball, location: 2F
3-1: Foul Ball, location: 2F
3-2: DOUBLE (Line Drive, 7LD)
Batting: LHB Thomas Dixon 0-0: Swinging Strike
0-1: Ball
1-1: Ball
2-1: Foul Ball, location: 2F
2-2: SINGLE (Flyball, 8LS)
Bobby Murdock to third
Runner from 3rd tries for Home, SAFE, throw made home
Thomas Dixon to second
Batting: RHB Jerry Moore 0-0: Foul Ball, location: 2F
0-1: 2-RUN HOME RUN (Flyball, 8LXD), Distance : 428 ft
Batting: RHB Luis Fuentes 0-0: Swinging Strike
0-1: Foul Ball, location: 2F
0-2: Ball
1-2: Foul Ball, location: 2F
1-2: Strikes out swinging
Batting: SHB Tomás Escobar 0-0: Ball
1-0: Ball
2-0: Called Strike
2-1: Ball
3-1: Swinging Strike
3-2: Foul Ball, location: 2F
3-2: Foul Ball, location: 2F
3-2: Foul Ball, location: 2F
3-2: Fly out, F4 (Popup, 3D)
Batting: RHB Steve Clifton 0-0: Ball
1-0: Ball
2-0: Ball
3-0: Called Strike
3-1: Base on Balls
Batting: LHB Kyle Robbins 0-0: Called Strike
0-1: Foul Ball, location: 2F
0-2: SINGLE (Groundball, 56D)
Steve Clifton to second
Batting: LHB Josh Pérez 0-0: Ball
1-0: Ball
2-0: Ball
3-0: Base on Balls
Steve Clifton to third
Kyle Robbins to second
Pitching: LHP Bobby MacGruder
Batting: LHB Denny Allen 0-0: Ball
1-0: Called Strike
1-1: SINGLE (Line Drive, 8RS)
Steve Clifton scores
Kyle Robbins to third
Josh Pérez to second
Runner from 3rd tries for Home, SAFE, no throw
Batting: RHB Bobby Murdock 0-0: Ball
1-0: Swinging Strike
1-1: Ball
2-1: Ball
3-1: Base on Balls
Josh Pérez to third
Denny Allen to second
Batting: LHB Thomas Dixon 0-0: Fielders Choice at 2nd, 6-4 (Groundball, 6)
Bottom of the 4th over - 5 run(s), 5 hit(s), 0 error(s), 2 left on base; Buffalo 2 - Butler 5
TOP OF THE 5TH
Buffalo LightSabres batting - Pitching for Butler White Sox : RHP Cliff Erwin
Batting: LHB Garrett King 0-0: Ground out 4-3 (Groundball, 34)
Batting: RHB John Warren 0-0: Called Strike
0-1: Called Strike
0-2: Foul Ball, location: 2F
0-2: Ball
1-2: Strikes out swinging
Batting: RHB Mario Solís 0-0: Ball
1-0: Called Strike
1-1: Called Strike
1-2: Fly out, F9 (Flyball, 89M)
Top of the 5th over - 0 run(s), 0 hit(s), 0 error(s), 0 left on base; Buffalo 2 - Butler 5
BOTTOM OF THE 5TH
Butler White Sox batting - Pitching for Buffalo LightSabres : LHP Bobby MacGruder
Batting: RHB Jerry Moore 0-0: Ball
1-0: Called Strike
1-1: Fly out, F2 (Popup, 15S)
Batting: RHB Luis Fuentes 0-0: Ball
1-0: Foul Ball, location: 2F
1-1: Ball
2-1: Foul Ball, location: 2F
2-2: Ball
3-2: Foul Ball, location: 2F
3-2: Ground out 4-3 (Groundball, 4)
Batting: SHB Tomás Escobar 0-0: Ball
1-0: Foul Ball, location: 2F
1-1: Ball
2-1: Ground out 5-3 (Groundball, 56S)
Bottom of the 5th over - 0 run(s), 0 hit(s), 0 error(s), 0 left on base; Buffalo 2 - Butler 5
TOP OF THE 6TH
Buffalo LightSabres batting - Pitching for Butler White Sox : RHP Cliff Erwin
Batting: RHB Gabriel Ángel 0-0: Swinging Strike
0-1: Swinging Strike
0-2: Strikes out swinging
Batting: RHB Jorge Castillo 0-0: Called Strike
0-1: Ball
1-1: Ball
2-1: Ball
3-1: SINGLE (Groundball, 5S) (infield hit)
Batting: SHB Clifton Hampton 0-0: SINGLE (Groundball, 56) (infield hit)
Jorge Castillo to second
Batting: RHB Pedro Romero 0-0: Foul Ball, location: 2F
0-1: Foul Ball, location: 2F
0-2: Fielders Choice at 2nd, 6-4 (Groundball, 6M)
Jorge Castillo to third
Batting: SHB Jason Mason 0-0: Called Strike
0-1: Called Strike
0-2: Ball
1-2: Ball
2-2: Fielders Choice at 2nd, 4-6 (Groundball, 4)
Top of the 6th over - 0 run(s), 2 hit(s), 0 error(s), 1 left on base; Buffalo 2 - Butler 5
BOTTOM OF THE 6TH
Butler White Sox batting - Pitching for Buffalo LightSabres : LHP Bobby MacGruder
Batting: RHB Steve Clifton 0-0: Ground out 5-3 (Groundball, 56)
Batting: LHB Kyle Robbins 0-0: Ball
1-0: Called Strike
1-1: Foul Ball, location: 2F
1-2: Ball
2-2: Ground out 4-3 (Groundball, 4)
Batting: LHB Josh Pérez 0-0: Ball
1-0: Fly out, F9 (Flyball, 9S)
Bottom of the 6th over - 0 run(s), 0 hit(s), 0 error(s), 0 left on base; Buffalo 2 - Butler 5
TOP OF THE 7TH
Buffalo LightSabres batting - Pitching for Butler White Sox : RHP Cliff Erwin
Pitching: RHP Carlos Olmedo
Batting: RHB Mike Wagner 0-0: Called Strike
0-1: Swinging Strike
0-2: Strikes out looking
Batting: LHB Garrett King 0-0: Ball
1-0: Foul Ball, location: 2F
1-1: Called Strike
1-2: Ball
2-2: Foul Ball, location: 2F
2-2: Ground out 4-3 (Groundball, 4)
Batting: RHB John Warren 0-0: Ball
1-0: Foul Ball, location: 2F
1-1: Ball
2-1: Fly out, F6 (Popup, 56)
Top of the 7th over - 0 run(s), 0 hit(s), 0 error(s), 0 left on base; Buffalo 2 - Butler 5
BOTTOM OF THE 7TH
Butler White Sox batting - Pitching for Buffalo LightSabres : LHP Bobby MacGruder
Batting: LHB Denny Allen 0-0: Ball
1-0: DOUBLE (Flyball, 8RD)
Batting: RHB Bobby Murdock 0-0: Intentional Walk
Batting: LHB Thomas Dixon 0-0: Ball
1-0: Fly out, F7 (Flyball, 7S)
Batting: RHB Jerry Moore 0-0: 3-RUN HOME RUN (Flyball, 7D), Distance : 371 ft
Pitching: RHP Gavin Robbins
Batting: RHB Luis Fuentes 0-0: Foul Ball, location: 2F
0-1: Foul Ball, location: 2F
0-2: Foul Ball, location: 2F
0-2: Strikes out swinging
Batting: SHB Tomás Escobar 0-0: Ball
1-0: Ball
2-0: Swinging Strike
2-1: Foul Ball, location: 2F
2-2: Strikes out swinging
Bottom of the 7th over - 3 run(s), 2 hit(s), 0 error(s), 0 left on base; Buffalo 2 - Butler 8
TOP OF THE 8TH
Buffalo LightSabres batting - Pitching for Butler White Sox : RHP Carlos Olmedo
Now at 3B: Júlio Hernández
Batting: RHB Mario Solís 0-0: Ball
1-0: Ground out 6-3 (Groundball, 6)
Batting: RHB Gabriel Ángel 0-0: Ball
1-0: Ball
2-0: Ball
3-0: Called Strike
3-1: Base on Balls
Batting: RHB Jorge Castillo 0-0: Ball
1-0: Ball
2-0: Called Strike
2-1: Foul Ball, location: 2F
2-2: Ball
3-2: Foul Ball, location: 2F
3-2: Grounds into double play, 6-4-3 (Groundball, 6)
Top of the 8th over - 0 run(s), 0 hit(s), 0 error(s), 0 left on base; Buffalo 2 - Butler 8
BOTTOM OF THE 8TH
Butler White Sox batting - Pitching for Buffalo LightSabres : RHP Gavin Robbins
Batting: RHB Steve Clifton 0-0: Foul Ball, location: 2F
0-1: SINGLE (Groundball, 6MD)
Batting: LHB Kyle Robbins 0-0: Grounds into double play, U3-6 (Groundball, 3L)
Batting: LHB Josh Pérez 0-0: Ball
1-0: Swinging Strike
1-1: Ball
2-1: Called Strike
2-2: SINGLE (Groundball, 2R) (infield hit)
Batting: LHB Denny Allen 0-0: Ball
1-0: Ball
2-0: Ball
3-0: Swinging Strike
3-1: Called Strike
3-2: Base on Balls
Josh Pérez to second
Batting: RHB Bobby Murdock 0-0: Called Strike
0-1: Foul Ball, location: 2F
0-2: SINGLE (Groundball, 6MS) (infield hit)
Josh Pérez to third
Denny Allen to second
Batting: LHB Thomas Dixon 0-0: Called Strike
0-1: SINGLE (Groundball, 4MD)
Josh Pérez scores
Denny Allen to third
Bobby Murdock to second
Runner from 3rd tries for Home, SAFE, no throw
Batting: RHB Júlio Hernández 0-0: Called Strike
0-1: Ball
1-1: Foul Ball, location: 2F
1-2: Ball
2-2: Fielders Choice at 2nd, 5-4 (Groundball, 5)
Bottom of the 8th over - 2 run(s), 4 hit(s), 0 error(s), 1 left on base; Buffalo 2 - Butler 10
TOP OF THE 9TH
Buffalo LightSabres batting - Pitching for Butler White Sox : RHP Carlos Olmedo
Batting: SHB Clifton Hampton 0-0: Foul Ball, location: 2F
0-1: Fly out, F4 (Line Drive, 4M)
Batting: RHB Pedro Romero 0-0: Ball
1-0: Foul Ball, location: 2F
1-1: Foul Ball, location: 2F
1-2: Foul Ball, location: 2F
1-2: Strikes out swinging, 2-3 out at first.
Batting: SHB Jason Mason 0-0: Foul Ball, location: 2F
0-1: Foul Ball, location: 2F
0-2: Ground out 4-3 (Groundball, 4)
Top of the 9th over - 0 run(s), 0 hit(s), 0 error(s), 0 left on base; Buffalo 2 - Butler 10
Tuesday, August 8th, 2017 - OOTP Baseball 17.12 Build 75